AoeStats
← Cupra20vT

Black Forest

507960713Analyzed
4v4 RM · 10d ago on Sep 20, 2026· 64m 7s· 8 players
Game mode
Random Map
Map size
Large (8 player)
Population
200
Speed
Normal
Resources
Standard
Victory
Conquest
Starting age
Dark Age
Ending age
Imperial Age
RankedLock teamsTeams togetherTeam positionsShared explorationLock speedFull tech treeHidden civsTurbo modeCheats
Victory
Defeat
🇫🇷 Saracens · France
1125
+13
🇵🇱 Hindustanis · Poland
1110
+13
🇬🇧 Khmer · United Kingdom
1067
+15
🇸🇰 Franks · Slovakia
1008
+18
🇹🇼 Persians · Taiwan
1136
-19
🇹🇼 Mongols · Taiwan
1081
-16
🇹🇷 Britons · Türkiye
992
-12
🇷🇴 Huns · Romania
985
-12
Botgamer928
9:53 Loom
11:38 Feudal Age
16:04 Castle Age
15:44 Forging
22:41 Tusk Swords
25:30 Bloodlines
25:20 Husbandry
26:36 Double-Bit Axe
28:04 Horse Collar
28:47 Fishing Lines
30:35 Wheelbarrow
34:04 Scale Barding Armor
36:33 Imperial Age
36:18 Ballistics
36:22 Chain Barding Armor
37:39 Conscription
37:23 Double Crossbow
37:32 Elite Ballista Elephant
38:47 Siege Engineers
39:43 Chemistry
43:00 Gold Mining
46:02 Hand Cart
46:37 Gold Shaft Mining
45:52 Stone Mining
47:03 Plate Barding Armor
47:03 Iron Casting
46:23 Gillnets
48:44 Heavy Plow
49:32 Stone Shaft Mining
50:16 Masonry
50:46 Town Watch
51:12 Bow Saw
51:13 Light Cavalry
53:26 Blast Furnace
52:17 Fletching
52:25 Hussar
57:43 Town Patrol
57:47 Caravan
59:11 Crop Rotation
63:14 Capped Ram
64:36 Hoardings
63:33 Sappers
64:45 Devotion
Evil Morty
12:19 Feudal Age
13:42 Loom
16:16 Castle Age
15:33 Double-Bit Axe
18:11 Bow Saw
19:42 Wheelbarrow
19:49 Fishing Lines
21:07 Gold Mining
22:03 Gillnets
25:31 Gold Shaft Mining
25:34 Hand Cart
25:05 Town Watch
25:31 Scale Barding Armor
27:14 Chain Barding Armor
30:22 Imperial Age
27:53 Town Patrol
28:06 Forging
29:50 Iron Casting
29:07 Fletching
30:18 Stone Mining
30:29 Cavalier
31:10 Husbandry
30:32 Light Cavalry
32:27 Plate Barding Armor
32:53 Blast Furnace
31:49 Bodkin Arrow
32:33 Ballistics
33:14 Chemistry
32:13 Murder Holes
32:04 Arrowslits
32:28 Onager
33:45 Masonry
33:56 Caravan
34:10 Paladin
34:55 Scale Mail Armor
34:55 Padded Archer Armor
37:27 Capped Ram
37:38 Capped Ram
40:03 Conscription
39:44 Chivalry
40:04 Leather Archer Armor
44:19 Pikeman
44:59 Squires
46:28 Chain Mail Armor
51:15 Elite Skirmisher
52:45 Halberdier
luzAK-47
9:08 Loom
11:28 Feudal Age
16:27 Castle Age
14:26 Double-Bit Axe
15:03 Horse Collar
23:22 Heavy Plow
23:34 Bow Saw
29:31 Imperial Age
28:24 Gold Mining
28:24 Stone Mining
30:26 Wheelbarrow
29:40 Town Watch
30:35 Gold Shaft Mining
30:35 Stone Shaft Mining
30:33 Forging
30:25 Scale Mail Armor
30:32 Scale Barding Armor
30:06 Heavy Camel Rider
30:47 Husbandry
30:57 Bloodlines
31:55 Iron Casting
31:57 Ballistics
32:39 Chemistry
33:14 Two-Man Saw
32:28 Husbandry
32:45 Bloodlines
32:06 Imperial Camel Rider
37:15 Blast Furnace
39:13 Chain Barding Armor
38:54 Padded Archer Armor
45:19 Illumination
45:13 Block Printing
46:54 Theocracy
54:51 Siege Engineers
62:06 Light Cavalry
lpt42
7:04 Loom
10:01 Feudal Age
11:25 Double-Bit Axe
12:55 Fletching
24:58 Castle Age
26:31 Bodkin Arrow
25:59 Crossbowman
30:57 Wheelbarrow
31:36 Bow Saw
33:01 Horse Collar
37:03 Imperial Age
35:34 Heavy Plow
35:50 Padded Archer Armor
37:12 Thumb Ring
37:17 Murder Holes
37:22 Gold Mining
39:10 Chemistry
39:09 Gold Shaft Mining
38:24 Stone Mining
39:49 Bracer
40:05 Leather Archer Armor
40:15 Ballistics
40:03 Siege Engineers
40:09 Fortified Wall
39:54 Arbalester
41:35 Scale Barding Armor
41:41 Forging
41:44 Bloodlines
41:34 Husbandry
40:55 Light Cavalry
43:38 Hussar
57:04 Conscription
57:02 Counterweights
58:10 Chain Barding Armor
58:21 Ring Archer Armor
58:27 Iron Casting
59:29 Plate Barding Armor
62:02 Hand Cart
61:33 Town Watch
Cupra20vT
2:39 Loom
16:32 Feudal Age
17:19 Double-Bit Axe
17:16 Horse Collar
17:53 Town Watch
20:33 Bloodlines
21:03 Wheelbarrow
20:25 Gold Mining
20:29 Stone Mining
jameskobecp6
12:20 Feudal Age
12:56 Double-Bit Axe
14:42 Horse Collar
19:50 Castle Age
18:32 Stone Mining
23:27 Loom
23:54 Gold Mining
25:31 Gold Shaft Mining
26:05 Fletching
26:49 Bodkin Arrow
31:08 Imperial Age
30:33 Nomads
31:00 Padded Archer Armor
32:14 Leather Archer Armor
33:03 Conscription
32:04 Elite Mangudai
33:45 Bracer
33:09 Onager
34:47 Bow Saw
36:11 Ballistics
36:51 Chemistry
37:57 Forging
37:11 Siege Onager
42:33 Caravan
54:08 Capped Ram
secret_marker
0:40 Loom
12:22 Feudal Age
14:01 Wheelbarrow
16:43 Castle Age
15:05 Double-Bit Axe
15:12 Horse Collar
28:32 Bow Saw
31:10 Imperial Age
30:07 Hand Cart
31:21 Scale Barding Armor
31:27 Forging
32:26 Heavy Plow
33:29 Two-Man Saw
32:54 Chain Barding Armor
34:42 Chemistry
34:03 Ballistics
34:26 Gold Mining
34:27 Stone Mining
34:34 Stone Mining
35:32 Plate Barding Armor
38:42 Iron Casting
38:11 Husbandry
38:21 Bloodlines
38:35 Conscription
42:19 Blast Furnace
41:10 Fletching
41:53 Bodkin Arrow
44:03 Scale Mail Armor
45:22 Murder Holes
45:26 Pikeman
46:07 Squires
45:52 Arson
47:00 Halberdier
47:10 Light Cavalry
50:41 Hussar
57:06 Chain Mail Armor
Nightman
3:49 Loom
15:56 Feudal Age
35:18 Double-Bit Axe
Connection lost

Rejoining the realm…

Still unreachable

The connection could not be restored.

Session expired

The server has moved on; the page needs a fresh start.